[Event "*** Titled Tuesday Blitz"]
[Site "Chess.com"]
[Date "2020.04.14"]
[Round "5"]
[White "Philosopherrr"]
[Black "AlRayyan2022"]
[Result "1-0"]
[WhiteElo "2448"]
[BlackElo "2604"]
[TimeControl "180+1"]
[EndTime "10:51:05 PDT"]
[Termination "Philosopherrr won on time"]

1. e4 c5 2. Nf3 Nc6 3. d4 cxd4 4. Nxd4 Qb6 5. Nb3 Nf6 6. Nc3 e6 7. Be3 Qc7 8. a3 a6 9. f4 d6 10. Qf3 b5 11. Bd3 Bb7 12. O-O Be7 13. Rae1 Rc8 14.
Kh1 h5 15. Bg1 h4 16. h3 g6 17. Nd4 Nh5 18. Nce2 Bf6 19. c3 Bg7 20. Nxc6 Bxc6 21. Nd4 Ng3+ 22. Kh2 Nxf1+ 23. Qxf1 Bd7 24. f5 Be5+ 25.
Kh1 Qd8 26. Be3 Qf6 27. Qf3 g5 28. Rf1 Bf4 29. Nc2 e5 30. Nb4 Bc6 31. a4 bxa4 32. Bxa6 Rc7 33. Nxc6 Rxc6 34. Bb5 Kd7 35. Bxf4 gxf4 36.
Qd3 Rc8 37. Qd5 Rc7 38. Bxa4 1-0

[Event "*** Titled Tuesday Blitz"]
[Site "Chess.com"]
[Date "2020.04.14"]
[Round "5"]
[White "krzyzan94"]
[Black "Nitzan_Steinberg"]
[Result "0-1"]
[WhiteElo "2701"]
[BlackElo "2906"]
[TimeControl "180+1"]
[EndTime "10:51:07 PDT"]
[Termination "Nitzan_Steinberg won on time"]

1. d4 d5 2. Bf4 c5 3. e3 Nc6 4.
Nf3 Bg4 5. Nbd2 e6 6. c3 Bd6 7.
dxc5 Bxc5 8. Qb3 Bb6 9. a4 Nge7 10. a5 Nxa5 11. Qa4+ Nac6 12. Ne5 Bf5 13. g4 Bg6 14. h4 h5 15. Bb5 Rc8 16. gxh5 Bxh5 17. Rg1 O-O 18.
Nxc6 bxc6 19. Ba6 Nf5 20. Bxc8 Qxc8 21. Rg5 Bg6 22. h5 Bh7 23. O-O-O f6 24. Rg4 e5 25. Bh2 d4 26. Rdg1 dxe3 27. fxe3 Bxe3 28. R1g2 Rd8 29. Bg1 Bh6 30. Qxa7 Qe6 31. Qc7 Rc8 32. Qb7 Re8 33.
Bc5 e4 34. Kb1 e3 35. Ne4 Kh8 36. Re2 Nd6 0-1

[Event "*** Titled Tuesday Blitz"]
[Site "Chess.com"]
[Date "2020.04.14"]
[Round "5"]
[White "Fh2411"]
[Black "Artur0208"]
[Result "1/2-1/2"]
[WhiteElo "2491"]
[BlackElo "2746"]
[TimeControl "180+1"]
[EndTime "10:51:08 PDT"]
[Termination "Game drawn by repetition"]

1. d4 d5 2. Nf3 Nf6 3. Bf4 e6 4. e3 b6 5. Nbd2 Bb7 6. Bd3 Bd6 7. Bg3 c5 8. c3 Nc6 9. Ne5 Qc7 10. f4 O-O 11. O-O Ne7 12. Qf3 Nf5 13. Rae1 Be7 14. Ng4 Nxg4 15. Qxg4 Nd6 16. f5 exf5 17. Bxf5 Qd8 18.
Bd3 Qc8 19. Qf3 Qd7 20. Be5 f6 21. Bf4 Rae8 22. Qh5 Ne4 23. Nxe4 dxe4 24. Bc4+ Kh8 25. Qe2 Bd6 26. Rd1 Bxf4 27. Rxf4 cxd4 28. Rxd4 Qe7 29. Rf1 Rd8 30. Rfd1 Rxd4 31. Rxd4 Rd8 32. Qd2 Rxd4 33. Qxd4 g5 34. Bd5 Bxd5 35. Qxd5 Kg7 36. h3 h5 37. b4 h4 38. a3 Kg6 39.
c4 f5 40. c5 bxc5 41. bxc5 f4 42. Qd4 Qf6 43. Qxe4+ Kh6 44. c6 fxe3 45. c7 Qf2+ 46.
Kh1 Qe1+ 47. Kh2 Qg3+ 48. Kg1 Qe1+ 49. Kh2 Qg3+ 50. Kg1 Qxc7 51. Qxe3 Kg6 52. Qe6+ Kg7 53. Qe3 Kf6 54. Qd4+ Kf5 55. Qd5+ Kf4 56. Qd4+ Kf5 57. Qd5+ Kf6 58. Qd4+ Kf7 59. Qd5+ Kg6 60. Qe4+ Kh6 61. Qe6+ Kg7 62. Qe3 Kf6 63. Qd4+ 1/2-1/2

[Event "*** Titled Tuesday Blitz"]
[Site "Chess.com"]
[Date "2020.04.14"]
[Round "5"]
[White "przemekpiotrowski"]
[Black "velemajstor767276"]
[Result "0-1"]
[WhiteElo "2395"]
[BlackElo "2586"]
[TimeControl "180+1"]
[EndTime "10:51:08 PDT"]
[Termination "velemajstor767276 won by resignation"]

1. d4 c5 2. d5 d6 3. Nc3 g6 4. e4 Bg7 5. h3 Nf6 6. Nf3 a6 7. a4 O-O 8. Be2 e6 9. O-O Re8 10. Bf4 e5 11. Be3 Nh5 12. Qd2 Nd7 13. Nh2 Nf4 14.
Bxf4 exf4 15. Qxf4 Ne5 16. Nf3 Qe7 17. Rfe1 Bd7 18.
a5 Rab8 19. Na4 Bxa4 20. Rxa4 Nxf3+ 21. Qxf3 Bxb2 22. Rb1 Bd4 23. Bd3 Qc7 24. Bc4 Re7 25. Rb6 Rbe8 26. Qb3 Rxe4 27. Rxb7 Qd8 28. Qf3 R8e7 29.
Rxe7 Qxe7 30. Kh2 Rf4 31. Qxf4 Be5 32. Qxe5 Qxe5+ 33. g3 Qd4 34. Bb3 Qxf2+ 35. Kh1 Qxg3 36. Ra1 Qxh3+ 37. Kg1 Qe3+ 38. Kh1 c4 39. Ba4 Qe4+ 40. Kg1 Qd4+ 41. Kh2 Qxa1 0-1

[Event "*** Titled Tuesday Blitz"]
[Site "Chess.com"]
[Date "2020.04.14"]
[Round "5"]
[White "poliplaza"]
[Black "amiralfio"]
[Result "1-0"]
[WhiteElo "2381"]
[BlackElo "2535"]
[TimeControl "180+1"]
[EndTime "10:51:08 PDT"]
[Termination "poliplaza won on time"]

1. d4 Nf6 2. c4 e6 3. Nc3 Bb4 4. Bd2 b6 5. Nf3 Bb7 6. e3 O-O 7. Be2 d6 8. O-O Nbd7 9. Rc1 Bxc3 10. Bxc3 Ne4 11. Be1 f5 12. Nd2 Rf6 13. f3 Nxd2 14.
Qxd2 Rg6 15. d5 e5 16. b4 a5 17. bxa5 Rxa5 18. Qb2 Ra8 19. a4 Qg5 20. Rf2 Qxe3 21. a5 bxa5 22. Rb1 Bc8 23. Bd2 Qc5 24. Qc2 Nb6 25. Rb5 Qd4 26. Bc3 Qh4 27. c5 Nxd5 28. cxd6 Nxc3 29. Qxc3 Ba6 30. Rxa5 Rxd6 31. f4 e4 32. Rxa6 Raxa6 33. Bxa6 Rxa6 34. Qc4+ Kf8 35. Qxa6 Qe7 36. Qa8+ Kf7 37. Qd5+ Kg6 38. g4 fxg4 39. f5+ Kg5 40. f6+ 1-0

[Event "*** Titled Tuesday Blitz"]
[Site "Chess.com"]
[Date "2020.04.14"]
[Round "5"]
[White "sergoy"]
[Black "Micki-taryan"]
[Result "1-0"]
[WhiteElo "2896"]
[BlackElo "3104"]
[TimeControl "180+1"]
[EndTime "10:51:09 PDT"]
[Termination "sergoy won by resignation"]

1. d4 Nf6 2. c4 e6 3. Nf3 d5 4. Nc3 Be7 5. Bf4 O-O 6. e3 Nbd7 7. a3 a6 8. cxd5 Nxd5 9. Nxd5 exd5 10.
Bd3 c6 11. O-O Nf6 12. h3 Re8 13. b4 Bd6 14. Ne5 Qe7 15. Bh2 Nd7 16. Nxd7 Bxh2+ 17. Kxh2 Bxd7 18. Rb1 Qd6+ 19. Kg1 Re6 20. a4 Rh6 21. Qf3 Re8 22. b5 cxb5 23. axb5 a5 24. Rfc1 b6 25. Rc3 Rf6 26. Qh5 g6 27. Qe2 Rfe6 28. Rbc1 Ra8 29. Qa2 Ree8 30. Be2 Rec8 31. Bf3 Rxc3 32. Rxc3 Bxb5 33.
Bxd5 Rf8 34. e4 Bd7 35. e5 Qb8 36. Rf3 Qe8 37. Rf6 Be6 38. Bxe6 fxe6 39. Rxe6 Qf7 40.
d5 Qf4 41. d6 Qc1+ 42. Kh2 Qf4+ 43. g3 Qxf2+ 44. Qxf2 Rxf2+ 45. Kg1 Rd2 46. Re8+ Kf7 47.
Re7+ Kf8 48. Rxh7 Kg8 49. Rb7 a4 50. e6 Rxd6 51. Rb8+ Kg7 52. e7 Re6 53. e8=Q Rxe8 54. Rxe8 b5 55. Rb8 1-0

[Event "*** Titled Tuesday Blitz"]
[Site "Chess.com"]
[Date "2020.04.14"]
[Round "5"]
[White "kingandqueen2017"]
[Black "Monmoransy"]
[Result "0-1"]
[WhiteElo "2348"]
[BlackElo "2613"]
[TimeControl "180+1"]
[EndTime "10:51:09 PDT"]
[Termination "Monmoransy won by resignation"]

1. d4 d5 2. c4 dxc4 3. e4 b5 4.
a4 c6 5. b3 e5 6. axb5 cxb5 7.
bxc4 b4 8. d5 Nf6 9. Bd3 Nbd7 10. Nd2 Nc5 11. Bc2 Bd6 12. Ne2 O-O 13. Bb2 a5 14.
O-O Bd7 15. f4 Re8 16. fxe5 Bxe5 17. Bxe5 Rxe5 18. Nd4 Ncxe4 19. Nxe4 Nxe4 20. Qf3 Nf6 21. Qf4 Qe7 22. Bf5 Be8 23. g4 h6 24. h4 a4 25.
g5 hxg5 26. hxg5 Nh5 27. Qd2 g6 28. Bh3 Rxg5+ 29. Bg2 Bd7 30. d6 Qd8 31. Kh1 Ng3+ 32. Kg1 Nxf1 33. Rxf1 a3 34. Qf4 Bf5 35. Nc6 Qb6+ 36.
Kh2 Rxg2+ 37. Kxg2 Qxc6+ 38. Kh2 Rd8 39. Rd1 a2 40.
Qe5 Qxc4 41. Qf6 Qf4+ 42. Kg1 Qg3+ 43. Kh1 Be4+ 0-1

[Event "*** Titled Tuesday Blitz"]
[Site "Chess.com"]
[Date "2020.04.14"]
[Round "5"]
[White "plumalka"]
[Black "11kevin"]
[Result "0-1"]
[WhiteElo "2374"]
[BlackElo "2553"]
[TimeControl "180+1"]
[EndTime "10:51:09 PDT"]
[Termination "11kevin won by resignation"]

1. e4 e5 2. Nf3 Nc6 3. Nc3 Bc5 4. Nxe5 Nxe5 5. d4 Bxd4 6. Qxd4 d6 7. f4 Qh4+ 8. Qf2 Qxf2+ 9. Kxf2 Ng6 10. Bc4 Nf6 11. Bd2 Be6 12. Bd3 Bd7 13. Nb5 Nxe4+ 14. Bxe4 Bxb5 15. Bxb7 Rb8 16. Rhe1+ Kd7 17. Be4 Bc6 18. Bf5+ Kd8 19. Bc3 f6 20. g3 Ne7 21. Be6 Bd5 22.
Bg4 h5 23. Bh3 h4 24. g4 Ng6 25. g5 Nxf4 26. Bf5 Rf8 27. gxf6 gxf6 28. Rad1 Bc6 29.
Rd4 Nd5 30. Rxh4 Nxc3 31. bxc3 Rb2 32. a4 Ra2 33. Rb1 Ke7 34. Rh7+ Rf7 35. Rh8 d5 36.
Rbb8 Kd6 37. h4 Rxa4 38. h5 Rf4+ 39. Ke3 Rxf5 40. h6 Rh5 41. Kd4 Rh4+ 42. Kd3 Kc5 43.
Rb1 Re7 44. Rg1 Rh2 45. Rg7 Bb5+ 46. c4 Bxc4+ 47. Kc3 Re3+ 48. Kb2 c6 49. Rc8 Rxh6 50. Rxa7 Re2 51. Ra5+ Bb5 52. Ra3 Rhh2 53. Rc3+ Bc4 54. Re8 Rxe8 0-1

[Event "*** Titled Tuesday Blitz"]
[Site "Chess.com"]
[Date "2020.04.14"]
[Round "5"]
[White "SmoothAsAHedgehog"]
[Black "viditchess"]
[Result "1-0"]
[WhiteElo "2678"]
[BlackElo "2954"]
[TimeControl "180+1"]
[EndTime "10:51:10 PDT"]
[Termination "SmoothAsAHedgehog won by checkmate"]

1. Nf3 d5 2. c4 d4 3. b4 c5 4. bxc5 Nc6 5. d3 e5 6. g3 Bxc5 7.
Bg2 Nf6 8. O-O O-O 9. Ba3 Bxa3 10. Nxa3 Re8 11. Nd2 Bf5 12. Rb1 Qd7 13. Nc2 Bh3 14. Nb4 Bxg2 15. Kxg2 Rad8 16. Nxc6 Qxc6+ 17. Kg1 h5 18.
Qb3 Rd7 19. Qb5 Qe6 20. f3 h4 21. Kg2 h3+ 22. Kh1 b6 23. a4 Rc8 24. Ne4 Nxe4 25. fxe4 Rc5 26. Qb3 g6 27. Rf2 f5 28. Rbf1 fxe4 29.
dxe4 Rxc4 30. Rf6 Qg4 31. Qxc4+ Kh7 32. Rf7+ Kh6 33. Qd3 Rxf7 34. Rxf7 Qc8 35. Rf1 g5 36. Qf3 Qc2 37. Qf6+ Kh5 38. Qf7+ Kh6 39. Rf6# 1-0

[Event "*** Titled Tuesday Blitz"]
[Site "Chess.com"]
[Date "2020.04.14"]
[Round "5"]
[White "BabyFacedAssasin"]
[Black "Ind1anStar"]
[Result "0-1"]
[WhiteElo "2287"]
[BlackElo "2606"]
[TimeControl "180+1"]
[EndTime "10:51:10 PDT"]
[Termination "Ind1anStar won by resignation"]

1. e4 e6 2. d4 d5 3. Bd3 dxe4 4. Bxe4 Nf6 5. Bf3 Nbd7 6. Bf4 Bd6 7. Bxd6 cxd6 8.
Ne2 O-O 9. O-O Rb8 10. c4 b6 11.
Nbc3 Bb7 12. Bxb7 Rxb7 13. Rc1 Qb8 14. b4 Rc8 15. Qb3 a6 16. a4 Rbc7 17. Nd1 Ne4 18.
Qd3 Nef6 19. Ne3 Qb7 20. Ng3 g6 21. Rc2 h5 22. h4 Kg7 23. Rfc1 Rd8 24. d5 Ne5 25. Qd4 exd5 26. Nxd5 Nxd5 27. Qxd5 Qc8 28. f4 Ng4 29. f5 Re7 30. Qd4+ Re5 31. Rf1 Qc7 32. Rf4 Qe7 33. f6+ Nxf6 34. Rcf2 Ng4 35. Rxf7+ Qxf7 36. Rxf7+ Kxf7 37. Qf4+ Kg7 38. Qd4 Kh7 39.
Ne4 Rde8 40. Nd2 Re1+ 41. Nf1 Rf8 42. Qd3 Ne3 43. Qxd6 Rfxf1+ 44. Kh2 Rh1+ 45. Kg3 Nf5+ 0-1

[Event "*** Titled Tuesday Blitz"]
[Site "Chess.com"]
[Date "2020.04.14"]
[Round "5"]
[White "BIG_Pirate"]
[Black "stefan_95"]
[Result "1-0"]
[WhiteElo "2390"]
[BlackElo "2542"]
[TimeControl "180+1"]
[EndTime "10:51:10 PDT"]
[Termination "BIG_Pirate won on time"]

1. Nf3 Nf6 2. c4 e6 3. g3 d5 4. Bg2 Be7 5. O-O O-O 6. d4 dxc4 7. Qc2 b6 8. Ne5 Qxd4 9. Bxa8 Qxe5 10. Bg2 Ba6 11. Bf4 Qc5 12. Nc3 b5 13. Be3 Qh5 14. Bxa7 b4 15. Ne4 Nd5 16. Bc5 Bxc5 17. Nxc5 Ne3 18.
fxe3 Qxc5 19. Qe4 Nd7 20. Qd4 Qb5 21. a4 bxa3 22. Rxa3 Nf6 23. Rfa1 Bb7 24. Ra5 Qb4 25. R5a4 Qb5 26. Qxc4 Qb6 27. Qd4 c5 28. Qe5 Bxg2 29.
Kxg2 Qc6+ 30. Kg1 Nd5 31. Ra6 Qb7 32. Ra7 Qc6 33. R1a6 Qb5 34. Ra8 Nf6 35. Rxf8+ Kxf8 36. Ra8+ Ne8 37. Qd6+ Kg8 38. Qe7 h6 39. Qxe8+ Kh7 40. Qxb5 1-0

[Event "*** Titled Tuesday Blitz"]
[Site "Chess.com"]
[Date "2020.04.14"]
[Round "5"]
[White "Fighterman91"]
[Black "dmosesov"]
[Result "1/2-1/2"]
[WhiteElo "2694"]
[BlackElo "2523"]
[TimeControl "180+1"]
[EndTime "10:51:11 PDT"]
[Termination "Game drawn - insufficient material"]

1. d4 Nf6 2. Bf4 c5 3. d5 d6 4. Nc3 e5 5. dxe6 Bxe6 6. e4 Nc6 7. Nf3 Be7 8. Be2 O-O 9. O-O h6 10. Re1 a6 11. Bf1 d5 12. exd5 Nxd5 13. Nxd5 Bxd5 14. Ne5 Nxe5 15. Bxe5 Bc6 16. Qxd8 Rfxd8 17. Bxg7 Kxg7 18.
Rxe7 Rd2 19. Re2 Rad8 20. Rxd2 Rxd2 21. Rc1 Be4 22. Re1 Bxc2 23. Re2 Rxe2 24. Bxe2 b5 25. f4 Kf6 26. Kf2 Ke6 27. Ke3 Bb1 28. a3 Kd5 29.
Bh5 f6 30. Bf7+ Kd6 31. g3 Bf5 32. Bg8 Bc2 33. Bf7 Bf5 34. Bh5 Kd5 35. g4 Be6 36. h4 Kc4 37. Kd2 Kb3 38. Kc1 b4 39. axb4 cxb4 40.
g5 fxg5 41. fxg5 hxg5 42. hxg5 a5 43. Be8 a4 44. g6 a3 45. bxa3 bxa3 46. Bf7 Bxf7 47.
gxf7 a2 48. f8=Q a1=Q+ 49. Kd2 Qc3+ 50. Ke2 Qc2+ 51. Ke3 Qc3+ 52. Ke4 Qb4+ 53. Qxb4+ Kxb4 1/2-1/2

[Event "*** Titled Tuesday Blitz"]
[Site "Chess.com"]
[Date "2020.04.14"]
[Round "5"]
[White "KerryStead"]
[Black "yawnpawn"]
[Result "1-0"]
[WhiteElo "2164"]
[BlackElo "1736"]
[TimeControl "180+1"]
[EndTime "10:51:11 PDT"]
[Termination "KerryStead won on time"]

1. d4 Nf6 2. f3 g6 3. e4 d6 4.
Be3 Bg7 5. Qd2 O-O 6. Ne2 Nbd7 7. a4 a6 8. Na3 e5 9. d5 Nb6 10. Nc3 Nh5 11. O-O-O Bd7 12. a5 Nc8 13. Bd3 b6 14.
axb6 cxb6 15. Ne2 b5 16. Bg5 Nf6 17. g4 Qb6 18. Be3 Qb8 19. Qa5 Ne7 20. Ng3 Rc8 21. Kb1 b4 22. Nc4 b3 23. c3 Bb5 24. Nb6 Bxd3+ 25. Rxd3 Qc7 26. Qa3 Rab8 27. Nxc8 Nxc8 28.
Qxa6 Nb6 29. Bxb6 Rxb6 30. Qa8+ Bf8 31. Kc1 Qc4 32. Kd2 Ra6 33. Qb7 Ra2 34. Rb1 Bh6+ 35.
Ke2 Bf4 36. Qc6 1-0

[Event "*** Titled Tuesday Blitz"]
[Site "Chess.com"]
[Date "2020.04.14"]
[Round "5"]
[White "Lupul_Cenusiu"]
[Black "NewBornNow"]
[Result "0-1"]
[WhiteElo "2477"]
[BlackElo "2658"]
[TimeControl "180+1"]
[EndTime "10:51:12 PDT"]
[Termination "NewBornNow won by resignation"]

1. d4 d6 2. Nf3 Nf6 3. Bg5 Nbd7 4. Nc3 e5 5. e4 Be7 6. h3 c6 7. a4 Qa5 8. Qd2 b5 9. Bd3 b4 10. Ne2 h6 11. Be3 O-O 12. O-O Re8 13. Ng3 Bf8 14.
Rfe1 exd4 15. Nxd4 c5 16. Ndf5 Ba6 17. b3 Re6 18.
Rad1 Rae8 19. f3 d5 20. Bxa6 Qxa6 21. exd5 Re5 22. f4 Rxd5 23. Qf2 g6 24. Nh4 Rxd1 25. Rxd1 c4 26. Kh1 cxb3 27. cxb3 Qe6 28. Bxa7 Qxb3 29.
Ra1 Ra8 30. Nf3 Bg7 31. Bd4 Rxa4 32. Rxa4 Qxa4 33. Qb2 Qa3 34. Ne5 Qxb2 35. Bxb2 Nxe5 36. fxe5 Nd7 37. Ne4 Bxe5 38. Bxe5 Nxe5 39. Nd2 f5 40. Kg1 Kf7 41. Kf2 Ke6 42. Ke3 Kd5 43. Nb3 g5 44.
Kd2 Kc4 45. Na5+ Kd4 46. Nb3+ Ke4 47. Ke2 Nc6 48. g3 0-1

[Event "*** Titled Tuesday Blitz"]
[Site "Chess.com"]
[Date "2020.04.14"]
[Round "5"]
[White "Jumbo"]
[Black "GianmarcoVaR"]
[Result "1-0"]
[WhiteElo "2857"]
[BlackElo "2628"]
[TimeControl "180+1"]
[EndTime "10:51:13 PDT"]
[Termination "Jumbo won by checkmate"]

1. d4 Nf6 2. Nf3 e6 3. c4 Bb4+ 4. Bd2 c5 5. Bxb4 cxb4 6. g3 b6 7. Bg2 Bb7 8. O-O O-O 9. a3 bxa3 10. Rxa3 d6 11. Nc3 Qe7 12. Qb1 Rc8 13. b3 d5 14. Ra4 Bc6 15. Ra2 Bb7 16. Nd2 Nc6 17.
e3 Nb4 18. Ra4 Bc6 19. Ra1 a5 20. Rc1 Qb7 21. Bf1 Rc7 22. cxd5 Nfxd5 23. Nc4 Nxc3 24. Rxc3 Be4 25. Qb2 Rac8 26. Qd2 Qc6 27. Rcc1 h6 28. h3 Nd5 29. Qe2 b5 30. f3 Bh7 31. e4 Nb4 32. Nxa5 Qxc1 33. Rxc1 Rxc1 34. Qxb5 Nc2 35. Nc4 Nxd4 36. Qd7 Nxf3+ 37. Kf2 R8xc4 38. Qe8# 1-0

[Event "*** Titled Tuesday Blitz"]
[Site "Chess.com"]
[Date "2020.04.14"]
[Round "5"]
[White "SahajGrover"]
[Black "PotapovaM"]
[Result "1-0"]
[WhiteElo "2703"]
[BlackElo "2520"]
[TimeControl "180+1"]
[EndTime "10:51:13 PDT"]
[Termination "SahajGrover won by resignation"]

1. e4 c5 2. Nf3 d6 3. d4 cxd4 4. Nxd4 Nf6 5. Nc3 a6 6. Bc4 e6 7. Bb3 b5 8. Qf3 Qc7 9. O-O Be7 10. Qg3 O-O 11. Bh6 Ne8 12. Rad1 Bd7 13. f4 Nc6 14. Kh1 Kh8 15. Bg5 Nf6 16. f5 b4 17. Bxf6 Bxf6 18. Nce2 Rae8 19. Nxc6 Bxc6 20. fxe6 fxe6 21. Nf4 Bd7 22.
Qh3 Rf7 23. Nxe6 Bxe6 24. Bxe6 Rfe7 25. Bf5 g6 26. Bxg6 Rf8 27. Qh6 Rg7 28. Bxh7 Qxc2 29. Bf5+ Kg8 30. Be6+ Rff7 31. Bxf7+ Kf8 32. Bg6 Ke7 33.
e5 Bxe5 34. Bxc2 1-0

[Event "*** Titled Tuesday Blitz"]
[Site "Chess.com"]
[Date "2020.04.14"]
[Round "5"]
[White "hitaman"]
[Black "YQPerez"]
[Result "1/2-1/2"]
[WhiteElo "2673"]
[BlackElo "2964"]
[TimeControl "180+1"]
[EndTime "10:51:14 PDT"]
[Termination "Game drawn by agreement"]

1. e4 e5 2. Nf3 Nc6 3. Bc4 Bc5 4. c3 Nf6 5. d4 exd4 6. e5 d5 7. Bb5 Ne4 8. cxd4 Bb6 9. Nc3 O-O 10. Be3 Bg4 11. h3 Bh5 12. Qc2 Bg6 13. Qb3 Ne7 14. O-O c6 15. Bd3 Nd2 16. Bxd2 Bxd3 17. Rfe1 Bg6 18.
Na4 h6 19. Rac1 Nf5 20. Qc3 Nh4 21. Nxh4 Qxh4 22. Nxb6 axb6 23. a3 Ra4 24. Be3 b5 25. Qc5 Re8 26. Qb6 Qe7 27. Bd2 Qd7 28. Bb4 Bf5 29.
Re3 Re6 30. Qc5 Kh7 31. Rg3 Ra8 32. Qc3 Be4 33. Qe3 Rae8 34. Rf1 Rg6 35. Rxg6 Bxg6 36. f4 Be4 37. g4 f5 38. exf6 gxf6 39. Qg3 f5 40. g5 Qf7 41. Kh2 Rg8 42. Rg1 Qh5 43. g6+ Rxg6 44. Qxg6+ Qxg6 45. Rxg6 Kxg6 46. Kg3 Kf7 47. Bc5 Ke6 48. b4 Kd7 49. Bb6 Bd3 50. Kh4 Be2 51. Kg3 Ke6 52. Kh4 Kf6 53. Kg3 Kg6 54. Bc5 Kf7 55. Bb6 1/2-1/2

[Event "*** Titled Tuesday Blitz"]
[Site "Chess.com"]
[Date "2020.04.14"]
[Round "5"]
[White "JesseFebruary"]
[Black "ZenBull"]
[Result "1-0"]
[WhiteElo "1767"]
[BlackElo "2133"]
[TimeControl "180+1"]
[EndTime "10:51:14 PDT"]
[Termination "JesseFebruary won on time"]

1. e4 c5 2. Nf3 Nc6 3. d4 cxd4 4. Nxd4 Nf6 5. Nc3 e5 6. Nde2 Bb4 7. a3 Be7 8. g3 O-O 9. Bg2 a6 10. O-O d6 11. h3 Be6 12. Be3 Rc8 13. Kh2 Nd7 14.
f4 f5 15. Nd5 fxe4 16. Bxe4 exf4 17. Nexf4 Bf7 18. Qd3 h6 19. Bh7+ Kh8 20. Ng6+ Bxg6 21. Bxg6 Nde5 22. Qe4 Bf6 23. Bb6 Qd7 24. Nxf6 Rxf6 25.
Rxf6 gxf6 26. Bf5 Qe8 27. Bxc8 Qxc8 28. Be3 Qg8 29. Bxh6 Qf7 30. Bf4 Kg8 31. Bxe5 dxe5 32. Rd1 Kg7 33. Qg4+ Kh6 34. Rd7 1-0

[Event "*** Titled Tuesday Blitz"]
[Site "Chess.com"]
[Date "2020.04.14"]
[Round "5"]
[White "Jenia84"]
[Black "FILI86"]
[Result "1-0"]
[WhiteElo "2350"]
[BlackElo "2592"]
[TimeControl "180+1"]
[EndTime "10:51:15 PDT"]
[Termination "Jenia84 won by resignation"]

1. Nf3 c5 2. e4 e6 3. c4 b6 4. Nc3 Bb7 5. d4 cxd4 6. Nxd4 a6 7. Bd3 Qc7 8. Be3 Nf6 9. a3 Nc6 10. f4 Nxd4 11. Bxd4 Qxf4 12. Bxb6 Be7 13. Qe2 O-O 14.
Be3 Qc7 15. O-O d6 16. Kh1 Rac8 17. Bd4 Nd7 18. e5 dxe5 19. Be3 f5 20. Rad1 Bf6 21.
Qf2 e4 22. Be2 Ne5 23. Bf4 Rfd8 24. h4 Qe7 25. h5 Nd3 26. Bxd3 exd3 27. Qg3 Rxc4 28.
Rxd3 Rxd3 29. Qxd3 Rd4 30. Qe2 e5 31. Be3 Rg4 32. Rxf5 Bxg2+ 33. Kh2 Rh4+ 34. Kxg2 Qe6 35. Qf3 e4 36. Qf1 Rg4+ 37. Kh3 Rh4+ 38. Kg3 h6 39. b3 Kh8 40. Nd5 Qd6+ 41. Bf4 Qe6 42. Bxh6 Be7 43. Nxe7 Qxe7 44. Bg5 1-0

[Event "*** Titled Tuesday Blitz"]
[Site "Chess.com"]
[Date "2020.04.14"]
[Round "5"]
[White "gmkomarov"]
[Black "Gennady_Kozlov"]
[Result "1/2-1/2"]
[WhiteElo "2404"]
[BlackElo "2578"]
[TimeControl "180+1"]
[EndTime "10:51:15 PDT"]
[Termination "Game drawn by repetition"]

1. d4 e6 2. c4 b6 3. a3 Bb7 4.
Nc3 f5 5. d5 Nf6 6. g3 Ne4 7.
Nxe4 fxe4 8. Bg2 exd5 9. cxd5 Qe7 10. Nh3 Qe5 11. O-O Bc5 12. Bf4 Qxd5 13. Qc2 O-O 14. Rad1 Qf5 15. b4 Be7 16. Qxc7 Bc6 17. Qe5 Qxe5 18.
Bxe5 d5 19. Nf4 Nd7 20. Nxd5 Bxd5 21. Rxd5 Nxe5 22. Rxe5 Bf6 23. Rxe4 Rac8 24. Bh3 Rc3 25. Be6+ Kh8 26. a4 g5 27. b5 Rd8 28. Rc4 Ra3 29.
Bf5 Bd4 30. Bd3 Bc5 31. Kg2 Kg7 32. h4 h6 33. hxg5 hxg5 34. Rh1 Rf8 35. f3 Kg8 36. Rh5 Rd8 37. Rxg5+ Kf7 38. Rf4+ Ke7 39. Rg7+ Kd6 40. Rxa7 Ra1 41. Rh4 Rg8 42. g4 Rg1+ 43. Kh2 Rd1 44. Rf7 Ke5 45. Rf5+ Kd4 46. g5+ Ke3 47. f4 Kf2 48.
Rxc5 bxc5 49. g6 Rxd3 50. exd3 Rxg6 51. a5 Rg2+ 52. Kh3 Rg3+ 53. Kh2 Rg2+ 54. Kh3 Rg3+ 55.
Kh2 Rg2+ 1/2-1/2

[Event "*** Titled Tuesday Blitz"]
[Site "Chess.com"]
[Date "2020.04.14"]
[Round "5"]
[White "ahappypawn"]
[Black "Frogo47"]
[Result "0-1"]
[WhiteElo "2319"]
[BlackElo "2521"]
[TimeControl "180+1"]
[EndTime "10:51:15 PDT"]
[Termination "Frogo47 won on time"]

1. c4 e5 2. Nc3 Nc6 3. g3 Bc5 4.
Bg2 d6 5. Nf3 a6 6. O-O Nge7 7. e3 Ba7 8. d4 O-O 9. d5 Nb8 10. e4 Bg4 11. h3 Bxf3 12. Bxf3 a5 13. a3 Nd7 14. Kg2 Bc5 15. Rb1 f5 16. exf5 Nxf5 17. Be4 g6 18. b4 axb4 19. axb4 Bd4 20.
Ne2 Bb6 21. Qc2 Qf6 22. h4 h6 23. Ng1 Rf7 24. Nf3 Raf8 25. Qd3 Qg7 26. Ba3 Bd4 27. Nxd4 Nxd4 28. f3 Nf6 29. Bxg6 Re7 30. h5 Kh8 31. Bb2 Nd7 32. Rbe1 Nf6 33. Bxd4 exd4 34. Qxd4 Rxe1 35. Rxe1 Nxh5 36. Qxg7+ Nxg7 37. Re7 Rf6 38. Be4 c6 39. Rxb7 cxd5 40. cxd5 Nh5 41. Rd7 Rf8 0-1

[Event "*** Titled Tuesday Blitz"]
[Site "Chess.com"]
[Date "2020.04.14"]
[Round "5"]
[White "thedjoker98"]
[Black "RuperezA"]
[Result "1-0"]
[WhiteElo "2458"]
[BlackElo "2254"]
[TimeControl "180+1"]
[EndTime "10:51:15 PDT"]
[Termination "thedjoker98 won by resignation"]

1. d4 e6 2. c4 d5 3. Nc3 Nf6 4.
cxd5 exd5 5. Bg5 Be7 6. e3 Nbd7 7. Bd3 Nf8 8. Nf3 Ne6 9. Bh4 g6 10. Ne5 Ng7 11. f4 Bf5 12. g4 Bxd3 13. Qxd3 c6 14. O-O-O Ne4 15. Bxe7 Qxe7 16. Nxe4 dxe4 17. Qb3 f6 18.
Nc4 h5 19. h3 O-O-O 20. Kb1 Kb8 21. Rc1 Qd7 22. Nd2 hxg4 23. hxg4 Rxh1 24. Rxh1 Qxg4 25.
Qf7 Rd7 26. Qxf6 Qg2 27. Qe5+ Kc8 28. Rh8+ Rd8 29. Rxd8+ Kxd8 30. Nxe4 Nf5 31. Qb8+ Ke7 32. Qxb7+ Kd8 33. Qb8+ Ke7 34. Qe5+ Kd8 35. Qf6+ Kc7 36. Qf7+ Kb6 37. Qb3+ Kc7 38. Nc5 Qg1+ 39. Kc2 Nxe3+ 40.
Kd3 Qf1+ 41. Kxe3 Qh3+ 42. Kd2 Qg2+ 43. Kc3 Qf3+ 44. Kb4 Qxf4 45. Ne6+ 1-0

[Event "*** Titled Tuesday Blitz"]
[Site "Chess.com"]
[Date "2020.04.14"]
[Round "5"]
[White "floplover"]
[Black "ecwinslow"]
[Result "1-0"]
[WhiteElo "2279"]
[BlackElo "2097"]
[TimeControl "180+1"]
[EndTime "10:51:15 PDT"]
[Termination "floplover won on time"]

1. d4 Nf6 2. c4 g6 3. Nc3 Bg7 4. e4 d6 5. Nf3 O-O 6. Be2 e5 7. O-O Nc6 8. d5 Ne7 9. b4 Nh5 10. Re1 h6 11. c5 f5 12. Nd2 Nf4 13. Bf1 a6 14. a4 g5 15. g3 Nfg6 16. exf5 Nxf5 17. Ra3 Nd4 18. Bg2 g4 19. Nce4 Rf7 20. Nc4 Bf8 21. cxd6 cxd6 22. a5 Bf5 23. Be3 h5 24.
Nb6 Rb8 25. Bg5 Qe8 26. Rc3 Be7 27. Be3 Nf3+ 28. Bxf3 gxf3 29. Ng5 e4 30. Nxf7 Qxf7 31. Rc7 h4 32. Bd4 hxg3 33. fxg3 Qh7 34. Ba1 Ne5 35. Bxe5 dxe5 36. Qd2 Bxb4 37. Qg5+ Qg6 38. Qxg6+ Bxg6 39. Re3 Bd2 40. Kf2 Bxe3+ 41. Kxe3 Rf8 42. Rc8 Rxc8 43. Nxc8 Bf7 44. d6 Kf8 45. d7 1-0

[Event "*** Titled Tuesday Blitz"]
[Site "Chess.com"]
[Date "2020.04.14"]
[Round "5"]
[White "aa175"]
[Black "Skatchkov_V"]
[Result "0-1"]
[WhiteElo "2367"]
[BlackElo "2549"]
[TimeControl "180+1"]
[EndTime "10:51:16 PDT"]
[Termination "Skatchkov_V won on time"]

1. d4 Nf6 2. Bf4 d5 3. e3 e6 4. Nf3 c5 5. Nbd2 Nc6 6. c3 Bd6 7. Bg3 O-O 8. Bd3 b6 9. e4 Be7 10. dxc5 Bxc5 11. Qc2 h6 12. O-O Bb7 13. Rad1 Qe7 14. Rfe1 dxe4 15. Nxe4 Nxe4 16. Bxe4 Rac8 17. b4 Nxb4 18. cxb4 Bxb4 19. Qb1 Bxe1 20. Bd6 Bxe4 21. Qxe4 Qd7 22. Ne5 Qd8 23. Qxe1 Re8 24. h3 Qf6 25.
Ng4 Qf5 26. Qe3 Red8 27. Qg3 Kh7 28. Rd3 Rc1+ 29. Kh2 h5 30. Ne5 f6 31. Be7 Rxd3 32.
Qxd3 Qxd3 33. Nxd3 Rc2 34. Nb4 Rxf2 35. Bd6 Rb2 36.
Bc7 Rxb4 0-1